 Dungeon Crawl Stone Soup version 0.21.1-1-g345015f (console) character file.

161 erker the Changer (level 5, 0/33 HPs)
             Began as an Octopode Transmuter on May 8, 2018.
             Succumbed to an orc's poison
             ... on level 5 of the Dungeon.
             The game lasted 00:07:17 (3277 turns).

erker the Changer (Octopode Transmuter)             Turns: 3277, Time: 00:07:18

Health: 0/33       AC:  1    Str: 14    XL:     5   Next: 42%
Magic:  5/10       EV: 13    Int: 22    God:
Gold:   188        SH:  0    Dex: 12    Spells: 7/10 levels left

rFire    . . .     SeeInvis .     - Unarmed
rCold    . . .     Gourm    .   (no shield)
rNeg     . . .     Faith    .   (helmet restricted)
rPois    .         Spirit   .   (no amulet)
rElec    .         Reflect  .   (no ring)
rCorr    .         Harm     .   (no ring)
MR       .....                  (no ring)
Stlth    ++........             (no ring)
HPRegen  0.11/turn              (no ring)
MPRegen  0.12/turn              (no ring)
                                (no ring)
                                (no ring)

@: mighty, brilliant, lethally poisoned (0 -> -18)
A: almost no armour, stealthy swim, amphibious, 8 rings, constrict 8, camouflage
1, gelatinous body 1
a: no special abilities


You were on level 5 of the Dungeon.
You were not hungry.

You visited 1 branch of the dungeon, and saw 5 of its levels.

You collected 188 gold pieces.

Inventory:

Missiles
 a - 17 arrows
 k - 21 bolts
 q - 6 poisoned needles
Jewellery
 h - an uncursed amulet of magic regeneration {unknown}
Wands
 n - a wand of polymorph (4)
 p - a wand of random effects (41)
Scrolls
 f - 4 scrolls of remove curse {unknown}
 g - 3 scrolls of fear {unknown}
 i - 5 scrolls of identify {unknown}
 l - a scroll of fog {unknown}
 m - 2 scrolls of teleportation {unknown}
 o - a scroll of random uselessness {unknown}
 r - a scroll of enchant armour {unknown}
Potions
 d - a potion of agility
 e - a potion of might
 j - a potion of berserk rage {unknown}
 s - a potion of degeneration {unknown}
 t - 2 potions of brilliance
 u - 2 potions of lignification {unknown}
 v - a potion of flight {unknown}
Books
 b - a book of Changes

   Spells                             Type                      Level
   a - Beastly Appendage              Transmutation                1
   b - Sticks to Snakes               Transmutation                2
   c - Spider Form                    Transmutation/Poison         3
   d - Ice Form                       Ice/Transmutation            4
   e - Blade Hands                    Transmutation                5
Comestibles
 c - 13 rations


   Skills:
 - Level 1.0 Fighting
 - Level 2.0 Dodging
 - Level 3.0 Unarmed Combat
 + Level 3.4 Spellcasting
 * Level 4.4 Transmutations


You had 7 spell levels left.
You knew the following spells:

 Your Spells              Type           Power        Failure   Level  Hunger
a - Beastly Appendage     Tmut           #####.       1%          1    None
t - Sticks to Snakes      Tmut           #####...     1%          2    ##.....


Dungeon Overview and Level Annotations

Branches:
Dungeon (5/15)
 Temple: D:4-7

Altars:
Nemelex Xobeh

Annotations:
D:2 Sigmund


Innate Abilities, Weirdness & Mutations

You cannot wear most types of armour.
You are very stealthy in the water. (Stealth+)
You are amphibious.
You can wear up to eight rings at the same time.
You can use your tentacles to constrict eight enemies at once.
Your skin changes colour to match your surroundings (Stealth+).
Your rubbery body absorbs attacks. (AC +1, EV +1)


Message History

* * * LOW HITPOINT WARNING * * *
You feel sick.
The orc throws a poisoned tomahawk.
The poisoned tomahawk misses you.
* * * LOW HITPOINT WARNING * * *
You feel sick.
Casting: Sticks to Snakes
Confirm with . or Enter, or press ? or * to list all spells.
You create 2 snakes!
You now have 17 arrows.
The orc throws a poisoned tomahawk.
The poisoned tomahawk hits you.
* * * LOW HITPOINT WARNING * * *
You are more poisoned.
It was a potion of might.
You feel very mighty all of a sudden.
* * * LOW HITPOINT WARNING * * *
You feel sick.
Okay, then.
Unknown command.
Unknown command.
You barely miss the orc. Your grab misses the orc.
You die...

######
#....##########
#....#.(......#
#....'........#
#....#....S...#
#....#....SSo)#
#....#####.@#......#
#####....###########
+....# #....# #....#
#....#
####+##.<..########
..................#
..................#


You could see an orc, 2 friendly adders and a friendly ball python.

Vanquished Creatures
  A bullfrog skeleton (D:4)
  An orc priest (D:5)
  Jessica (D:2)
  2 adders (D:3)
  An ooze (D:1)
  A dart slug (D:1)
  5 leopard geckos
  An orc (D:3)
  7 bats
  4 giant cockroaches
  6 goblins
  4 hobgoblins
  3 jackals (D:2)
  3 ball pythons
  5 frilled lizards
  9 kobolds
  9 rats
63 creatures vanquished.

Vanquished Creatures (collateral kills)
  A worm (D:2)
1 creature vanquished.

Grand Total: 64 creatures vanquished

Notes
Turn   | Place    | Note
-------+----------+-------------------------------------------
     0 | D:1      | erker the Octopode Transmuter began the quest for the Orb.
     0 | D:1      | Reached XP level 1. HP: 13/13 MP: 3/3
    38 | D:1      | Reached XP level 2. HP: 10/18 MP: 5/5
    42 | D:1      | Learned a level 2 spell: Sticks to Snakes
   659 | D:1      | Reached XP level 3. HP: 23/23 MP: 6/6
   724 | D:1      | Reached skill level 3 in Transmutations
  1330 | D:2      | Noticed Sigmund
  1573 | D:2      | Noticed Jessica
  1586 | D:2      | Killed Jessica
  1586 | D:2      | Reached XP level 4. HP: 28/28 MP: 4/8
  1625 | D:2      | Found a faded altar of an unknown god.
  2245 | D:3      | Reached skill level 4 in Transmutations
  2793 | D:4      | Reached XP level 5. HP: 25/33 MP: 7/10
  3079 | D:4      | Found a sparkling altar of Nemelex Xobeh.
  3216 | D:5      | Entered Level 5 of the Dungeon
  3277 | D:5      | Succumbed to an orc's poison

Skill      XL: |  1  2  3  4 |
---------------+-------------+-----
Transmutations | 3 4 |  4.4
Spellcasting   | 3 |  3.4
Fighting       | |  1.0
Dodging        | |  2.0
Unarmed Combat | |  3.0

Action                   |  1- 3 |  4- 6 || total
-------------------------+-------+-------++-------
Melee: Unarmed           |   107 |    53 ||   160
       Tentacles         |    19 |    11 ||    30
       Constrict         |    28 |    11 ||    39
       Kick              |     5 |     2 ||     7
       Punch             |       |     1 ||     1
 Cast: Beastly Appendage |     6 |     5 ||    11
       Sticks to Snakes  |     2 |     4 ||     6
  Use: Potion            |       |     2 ||     2
 Stab: Sleeping          |     7 |     5 ||    12
  Eat: Chunk             |     2 |     6 ||     8
Armor: Skin              |    22 |     1 ||    23
Dodge: Dodged            |    73 |    27 ||   100
